 Dungeon Crawl Stone Soup version 0.29-a0-541-gaf1fc19f1b (webtiles) character file.

Game seed: 1337800032923684580

83 HoaS the Bolt Thrower (level 4, 0/26 HPs)
             Began as a Kobold Hunter on June 2, 2022.
             Slain by an orc wizard
             ... wielding a +0 dagger
              (2 damage)
             ... on level 2 of the Dungeon.
             The game lasted 00:03:17 (1516 turns).

HoaS the Bolt Thrower (Kobold Hunter)               Turns: 1516, Time: 00:03:17

Health: 0/26       AC:  3    Str:  8    XL:     4   Next: 71%
Magic:  4/4        EV: 14    Int: 10    God:
Gold:   118        SH:  0    Dex: 20    Spells: 3/3 levels left

rFire   . . .      SeeInvis .   a - +1 hand crossbow
rCold   . . .      Faith    .   (no shield)
rNeg    . . .      Spirit   .   b - +0 leather armour
rPois   .          Reflect  .   (no helmet)
rElec   .          Harm     .   (no cloak)
rCorr   .          Rampage  .   (no gloves)
Will    .....                   (no boots)
Stlth   +++.......              (no amulet)
HPRegen 0.08/turn               (no ring)
MPRegen 0.09/turn               (no ring)

@: no status effects
A: small, no large weapons, nightstalker 3
a: no special abilities


You were on level 2 of the Dungeon.
You visited 1 branch of the dungeon, and saw 3 of its levels.

You collected 118 gold pieces.

Inventory:

Hand Weapons
 a - a +1 hand crossbow (weapon)
Armour
 b - a +0 leather armour (worn)
Scrolls
 c - 2 scrolls of immolation
 e - a scroll of identify
 f - a scroll of magic mapping {unknown}
Potions
 d - a potion of mutation


   Skills:
 - Level 2.1 Fighting
 + Level 7.6 Crossbows
 - Level 2.4 Dodging
 - Level 1.3 Stealth


You had 3 spell levels left.
You didn't know any spells.
Your spell library contained the following spells:

 Spells                   Type           Power      Damage    Failure   Level
 Ozocubu's Armour         Ice            0%         N/A       86%         3
 Anguish                  Hex/Necr       0%         N/A       99%         4
 Enfeeble                 Hex            0%         N/A       100%        7
 Ozocubu's Refrigeration  Ice            0%         4d5       100%        7


Dungeon Overview and Level Annotations

Branches:
Dungeon (3/15)

Altars:
Qazlal


Innate Abilities, Weirdness & Mutations

You are small and have problems with some larger weapons.
You are completely attuned to the shadows.


Message History

You are too injured to fight recklessly!
You are too injured to fight recklessly!
You are too injured to fight recklessly!
You are too injured to fight recklessly!
You are too injured to fight recklessly!
You are too injured to fight recklessly!
Okay, then.
Non-targeted confused shoot: a) +1 hand crossbow
Press: ? - help, Q - select action Dir - look around, f - activate You shoot a bolt.
Something hits you but does no damage.
Non-targeted confused shoot: a) +1 hand crossbow
Press: ? - help, Q - select action Dir - look around, f - activate You shoot a bolt.
Something hits you.
You clumsily bash something but do no damage.
Something hits you but does no damage. Something hits you.
Non-targeted confused shoot: a) +1 hand crossbow
Press: ? - help, Q - select action Dir - look around, f - activate You shoot a bolt.
You feel less confused.
You hear some strange, mumbled words.
A magic dart appears from out of thin air!
The magic dart hits you.
* * * LOW HITPOINT WARNING * * *
Shoot: a) +1 hand crossbow
Press: ? - help, Q - select action Shift-Dir - straight line You shoot a bolt.
Something hits you.
* * * LOW HITPOINT WARNING * * *
Shoot: a) +1 hand crossbow
Press: ? - help, Q - select action Shift-Dir - straight line You shoot a bolt.
Something hits you.
* * * LOW HITPOINT WARNING * * *
Shoot: a) +1 hand crossbow
Press: ? - help, Q - select action Shift-Dir - straight line You shoot a bolt.
Something hits you.
You die...

.###..## ### #.##...#####
.....## ##.## #.###.##
####.######.#(########.# #.#
####.#..............##.###.#
##
.......#.....##.#..........#
##.
##.#.#...#.#.#.##.#.##.#####
##.#
.#.#.######...###.#.##.#
##.##
...#.#####.....##.#.##.#
#.##
...............{@.#.##.#
#####.##
.....#.###.....####.##.#
#......# #..###.#
##...####...#.# #.#####.
#..###.## ##...........# #.#
## #.......#
#..........#####.# #.####..#
#.####......†....# #.## #..#
#.# #...######### ...###.>#
#.# ##.## ....##..###.# #.#


There were no monsters in sight!

Vanquished Creatures
  Jessica (D:2)
  An adder (D:2)
  A dart slug (D:1)
  An orc (D:2)
  A ball python (D:2)
  3 bats (D:1)
  7 endoplasms
  3 giant cockroaches
  2 goblins
  2 hobgoblins
  5 jackals (D:1)
  3 kobolds (D:1)
  2 quokkas
  3 frilled lizards (D:1)
  4 rats (D:1)
39 creatures vanquished.

Vanquished Creatures (others)
  A fungus (D:2)
  A plant (D:2)
2 creatures vanquished.

Grand Total: 41 creatures vanquished

Notes
Turn   | Place    | Note
-------+----------+-------------------------------------------
     0 | D:1      | HoaS the Kobold Hunter began the quest for the Orb.
     0 | D:1      | Reached XP level 1. HP: 12/12 MP: 1/1
    23 | D:1      | Reached XP level 2. HP: 15/17 MP: 2/2
    52 | D:1      | Reached skill level 6 in Crossbows
   160 | D:1      | Reached XP level 3. HP: 21/21 MP: 3/3
   743 | D:2      | Noticed Jessica
   749 | D:2      | Killed Jessica
   750 | D:2      | Reached skill level 7 in Crossbows
   750 | D:2      | Reached XP level 4. HP: 23/26 MP: 4/4
   864 | D:2      | Found a faded altar of an unknown god.
  1117 | D:2      | Found a stormy altar of Qazlal.
  1516 | D:2      | Slain by an orc wizard

Illustrated notes

Levels and vault maps discovered:
D:1:      sevenhm_arrival_forest_fort_small_6, layout_rooms
D:2:      layout_loops_ring, basic_altar, shapermc_ecumenical_altar_acropolis,
          uniq_jessica
D:3:      layout_basic, mainiacjoe_overflow_concentric_impassable,
          lightli_sewer_entry_pipes, minmay_quantized

Skill      XL: |  1  2  3 |
---------------+----------+-----
Crossbows      | 6 7 |  7.6
Fighting       | |  2.1
Dodging        | |  2.4
Stealth        | |  1.3

Action                   |  1- 3 |  4- 6 || total
-------------------------+-------+-------++-------
Melee: Hand crossbow     |       |     1 ||     1
 Fire: Hand crossbow     |    76 |    33 ||   109
  Use: Scroll            |     2 |       ||     2
Armor: Leather armour    |    13 |     7 ||    20
Dodge: Dodged            |    21 |     9 ||    30

Table legend: (Time is in decaauts)
 A = Elapsed time spent in this place.
 B = Non-inter-level travel time spent in this place.
 C = Inter-level travel time spent in this place.
 D = Time resting spent in this place.
 E = Time spent auto-exploring this place.
 F = Levels seen in this place.
 G = Mean time per level.
                   A        B        C        D        E       F      G
               +--------+--------+--------+--------+--------+-----+--------+
         Total |   1539 |   1486 |     53 |    220 |   1034 |   3 |  513.0 |
       Dungeon |   1539 |   1486 |     53 |    220 |   1034 |   3 |  513.0 |
               +--------+--------+--------+--------+--------+-----+--------+

Top non-repeatable levels by time:
     D:2: 916 daAuts
     D:1: 621 daAuts
     D:3: 1 daAuts
